Map: Research Site JD-2

Players

llllllllllll

  • Race: Zerg Zerg
  • League: Platinum
  • Spawn Location: 1:00

Yam

  • Race: Zerg Zerg
  • Spawn Location: 12:00

Libidus

  • Race: Protoss Protoss
  • League: Silver
  • Spawn Location: 12:00

AGENTofCHAOS

  • Race: Terran Terran
  • League: Platinum
  • Spawn Location: 3:00

pestilence

  • Race: Terran Terran
  • Spawn Location: 6:00

blay

  • Race: Zerg Zerg
  • Spawn Location: 6:00

juhyg

  • Race: Zerg Zerg
  • Spawn Location: 7:00

Mapflashes

  • Race: Zerg Zerg
  • Spawn Location: 7:00

VOD

Have the link to the VOD?

Description

Time

  • Played on: Nov. 25, 2015, 4:08 p.m.
  • Length: 4:28
Show
View Real Time Build Order
Export as new Build Order

llllllllllll Zerg 

Build Orders: Pool First 

Get SALT Encoding   

  12  0:02  Drone  
  13  0:08  Drone  
  14  0:20  Overlord  
  14  0:31  Drone, Extractor  
  14  0:43  Drone, Spawning Pool  
  14  0:46  Drone  
  15  0:51  Drone  
  16  0:57  Drone  
  17  1:11  Drone  
  18  1:18  Overlord  
  18  1:30  Queen  
  20  1:34  Roach Warren  
  20  1:36  Drone  
  20  1:44  Drone  
  21  1:51  Drone  
  22  2:01  Extractor  
  22  2:04  Drone  
  22  2:06  Queen  
  24  2:15  Overlord  
  24  2:27  Overlord  
  24  2:41  Roach  
  24  2:42  Roach x2  
  30  2:48  Roach  
  30  2:51  Roach  
  34  3:00  Roach  
  36  3:11  Roach  
  38  3:13  Overlord  
  38  3:16  Overlord x2  
  38  3:30  Hatchery  
  37  3:44  Roach x2  
  37  3:45  Roach  
  43  3:50  Drone  
  44  4:00  Roach  
  44  4:01  Roach  
Show
View Real Time Build Order
Export as new Build Order

Yam Zerg 

Build Orders: Pool First 

Get SALT Encoding   

  12  0:01  Drone  
  13  0:09  Drone  
  14  0:19  Overlord  
  14  0:38  Drone  
  14  0:39  Drone x2  
  17  0:49  Spawning Pool  
  16  0:51  Drone  
  16  0:56  Extractor  
  16  1:00  Drone  
  17  1:20  Hatchery  
  17  1:21  Drone  
  17  1:29  Drone  
  18  1:37  Queen  
  20  1:40  Drone  
  21  1:49  Overlord  
  21  1:57  Drone  
  22  2:05  Metabolic Boost  
  22  2:16  Drone  
  22  2:17  Drone  
  22  2:18  Queen  
  26  2:28  Overlord  
  26  2:35  Zergling x2  
  27  2:43  Zergling x4  
  29  2:52  Zergling x2  
  29  2:53  Zergling x6  
  29  2:57  Spore Crawler  
  32  3:07  Zergling x6  
  35  3:14  Lair  
  35  3:15  Zergling x2  
  35  3:19  Zergling x2  
  37  3:29  Zergling x2  
  37  3:30  Zergling x10  
  43  3:40  Overlord  
  43  4:02  Hatchery  
Show
View Real Time Build Order
Export as new Build Order

Libidus Protoss 

Build Orders:  

Get SALT Encoding   

  12  0:01  Probe (Chrono Boost)  
  13  0:12  Probe (Chrono Boost)  
  14  0:27  Pylon, Probe (Chrono Boost)  
  15  0:37  Pylon  
  15  0:46  Probe (Chrono Boost)  
  16  0:50  Assimilator  
  16  0:52  Assimilator  
  16  0:58  Gateway  
  16  1:01  Probe (Chrono Boost)  
  17  1:12  Probe (Chrono Boost)  
  18  1:22  Probe (Chrono Boost)  
  19  1:33  Probe (Chrono Boost)  
  20  1:43  Probe (Chrono Boost)  
  20  1:46  Cybernetics Core  
  22  1:54  Probe (Chrono Boost)  
  22  2:01  Pylon  
  22  2:05  Probe (Chrono Boost)  
  23  2:19  Nexus  
  23  2:23  Warp Gate  
  23  2:30  Adept  
  25  2:39  Probe (Chrono Boost)  
  26  2:47  Forge  
  27  2:51  Probe (Chrono Boost)  
  27  2:57  Adept  
  29  2:59  Pylon  
  29  3:08  Probe (Chrono Boost)  
  30  3:20  Pylon  
  30  3:21  Probe (Chrono Boost)  
  31  3:32  Probe x2 (Chrono Boost)  
  33  3:35  Adept  
  33  3:39  Robotics Facility  
  35  3:45  Gateway  
  35  3:49  Probe x2 (Chrono Boost)  
  41  4:25  Assimilator  
Show
View Real Time Build Order
Export as new Build Order

AGENTofCHAOS Terran 

Build Orders:  

Get SALT Encoding   

  12  0:01  SCV  
  13  0:14  SCV  
  14  0:19  Supply Depot  
  14  0:26  SCV  
  15  0:31  Refinery  
  15  0:41  SCV  
  16  0:47  Barracks  
  16  0:53  SCV  
  17  1:05  SCV  
  18  1:17  SCV  
  20  1:33  Orbital Command  
  19  1:40  Barracks Tech Lab  
  19  1:41  Barracks  
  19  1:42  Barracks  
  19  1:55  Supply Depot  
  19  1:59  SCV  
  19  2:01  Supply Depot  
  20  2:05  Combat Shields  
  20  2:08  Marine  
  21  2:11  SCV  
  22  2:23  SCV  
  22  2:27  Factory  
  22  2:28  Marine  
  24  2:30  Marine  
  24  2:33  Marine  
  24  2:36  SCV  
  26  2:47  Supply Depot, Marine  
  26  2:48  Marine  
  28  2:56  Marine  
  29  3:03  Refinery  
  29  3:05  Marine  
  29  3:12  Barracks Reactor  
  30  3:13  Starport  
  30  3:14  Marine  
  31  3:20  Supply Depot  
  31  3:23  Marine  
  32  3:34  Marine  
  33  3:41  Marine  
  33  3:47  Marine  
  33  3:48  Marine  
  36  3:52  Marine  
  37  3:59  Marine  
  38  4:05  Marine x2  
  38  4:09  Marine  
Show
View Real Time Build Order
Export as new Build Order

pestilence Terran 

Build Orders:  

Get SALT Encoding   

  12  0:01  SCV  
  13  0:14  Supply Depot  
  13  0:18  SCV  
  14  0:31  SCV  
  15  0:38  Barracks  
  15  0:43  SCV  
  16  0:53  Barracks  
  17  0:57  SCV  
  17  1:09  SCV  
  18  1:15  Barracks  
  18  1:21  SCV  
  18  1:25  Supply Depot  
  19  1:27  Marine  
  20  1:39  Marine  
  20  1:42  Orbital Command  
  21  1:48  Marine  
  22  1:55  Refinery  
  22  1:57  Marine  
  23  2:04  Marine  
  23  2:06  Marine  
  25  2:15  Marine  
  25  2:22  Marine  
  27  2:24  Marine, SCV  
  27  2:26  Supply Depot  
  29  2:33  Marine  
  30  2:43  Barracks Tech Lab  
  30  2:46  Refinery, SCV  
  31  2:56  Command Center  
  31  2:59  Marine  
  31  3:04  SCV  
  33  3:16  Marine x2, SCV  
  36  3:26  Supply Depot, Barracks Reactor  
  36  3:41  Marine  
  36  3:42  SCV  
  37  3:52  Marauder  
  37  3:54  SCV  
  37  3:55  Factory  
  40  3:59  Marine  
  41  4:03  Marine x2  
  41  4:06  SCV  
  41  4:08  SCV  
Show
View Real Time Build Order
Export as new Build Order

blay Zerg 

Build Orders: Hatch First 

Get SALT Encoding   

  12  0:31  Hatchery  
  11  0:37  Drone x2  
  13  0:47  Drone  
  14  1:02  Spawning Pool  
  13  1:04  Extractor  
  13  1:06  Drone  
  13  1:10  Drone  
  14  1:18  Overlord  
  14  1:37  Drone  
  14  1:38  Drone  
  16  1:43  Drone  
  17  1:47  Drone  
  17  1:53  Roach Warren  
  17  1:58  Drone  
  17  2:00  Drone  
  19  2:04  Drone  
  20  2:10  Drone  
  21  2:19  Queen  
  21  2:21  Drone  
  24  2:25  Drone  
  25  2:34  Roach  
  27  2:37  Overlord  
  27  2:41  Overlord  
  27  2:56  Roach x2  
  31  3:00  Queen  
  31  3:02  Drone x2  
  35  3:07  Extractor  
  35  3:12  Lair  
  34  3:16  Drone  
  35  3:29  Drone x2  
  35  3:30  Drone x3  
  40  3:35  Drone x2  
  42  3:45  Roach  
  44  4:01  Overlord  
  44  4:02  Overlord  
Show
View Real Time Build Order
Export as new Build Order

juhyg Zerg 

Build Orders: Pool First 

Get SALT Encoding   

  12  0:09  Overlord  
  12  0:15  Drone  
  12  0:18  Drone  
  14  0:36  Spawning Pool  
  14  0:39  Drone  
  14  0:44  Drone  
  14  0:47  Drone  
  16  0:53  Drone  
  17  1:23  Hatchery  
  16  1:34  Queen  
  16  1:37  Drone x3  
  21  1:41  Extractor  
  21  1:46  Extractor  
  19  1:50  Drone  
  20  2:01  Drone  
  21  2:11  Drone  
  22  2:30  Hatchery  
  21  2:46  Drone x2  
  21  2:47  Drone x3  
  26  2:56  Drone x2  
  26  2:58  Overlord  
  28  3:04  Overlord  
  28  3:15  Queen  
  30  3:28  Lair  
  30  3:41  Zergling x10  
  33  3:42  Zergling x2  
  36  3:49  Zergling x6  
  36  3:51  Zergling x2  
  36  3:54  Zergling x2  
  41  3:56  Zergling x2  
  41  3:59  Drone  
Show
View Real Time Build Order
Export as new Build Order

Mapflashes Zerg 

Build Orders: Hatch First 

Get SALT Encoding   

  12  0:34  Hatchery  
  11  0:50  Spawning Pool  
  11  0:55  Drone  
  11  1:01  Overlord  
  11  1:11  Overlord  
  11  1:22  Drone x2  
  13  1:55  Zergling x8  
  13  1:56  Queen  
  13  1:59  Drone  
  20  2:07  Queen  
  22  2:36  Drone  
  24  2:37  Drone x3  
  24  2:38  Drone x2, Extractor  
  27  3:02  Drone x3  
  30  3:07  Overlord x2  
  30  3:10  Drone x2  
  30  3:11  Drone  
  33  3:18  Extractor  
  32  3:23  Drone x3  
  32  3:24  Drone  
  36  3:40  Drone  
  36  3:41  Drone x2  
  39  3:44  Zergling x6  
  39  3:45  Zergling x2  
  43  3:54  Spine Crawler  
  42  3:57  Spine Crawler, Zergling x4  
  42  3:58  Zergling x2  
  44  4:08  Zergling x8  
  44  4:09  Zergling x4  
Tags
 
Add a new tag
Caveats
  • Supply blocks, unpowered buildings, or Contaminate may cause inaccurate times.
  • Supply counts are checked every 10 seconds.